[Event "45th FIDE Womens Olympiad 2024"]
[Site "Budapest"]
[Date "2024.09.14"]
[Round "4.222"]
[White "Hermoso Rodriguez, Ysvett"]
[Black "Ramas, Carmina Jasmine"]
[Result "1-0"]
[ECO "B07"]
[WhiteElo "1943"]
[BlackElo "1712"]
[PlyCount "123"]
[EventDate "2024.09.05"]
[EventType "team-tourn"]
[EventCountry "HUN"]
[WhiteTeam "Trinidad & Tobago"]
[BlackTeam "Guam"]
[BlackTeamCountry "GMA"]
[TimeControl "40/5400+30:1800+30"]

1. e4 d6 2. d4 Nf6 3. Nc3 c6 4. f3 Qc7 5. Be3 e5 6. Nge2 Nbd7 7. Qd2 b6 8. g4 Bb7 9. O-O-O exd4 10. Nxd4 O-O-O 11. Be2 g6 12. h4 h5 13. Ndb5 Qb8 14. Nxd6+ Bxd6 15. Qxd6 Qxd6 16. Rxd6 Ne8 17. Rd2 hxg4 18. fxg4 f6 19. h5 Ne5 20. Rhd1 Rxd2 21. Rxd2 g5 22. Bd4 Kc7 23. Rd1 Bc8 24. Bxe5+ fxe5 25. Rf1 Be6 26. b3 Rh6 27. Kd2 Nf6 28. Rg1 Kd6 29. Ke3 b5 30. a3 Kc5 31. Nb1 Nd7 32. Nd2 a5 33. Nf3 Rf6 34. Nxg5 Bg8 35. Nh3 Nf8 36. Rf1 Rxf1 37. Bxf1 Kd6 38. g5 Ke7 39. Be2 Kf7 40. Bg4 Kg7 41. Kf3 Be6 42. Bf5 c5 43. Nf2 c4 44. bxc4 Bxc4 45. c3 Ne6 46. Bxe6 Bxe6 47. Ng4 Bb3 48. Nf6 Bd1+ 49. Kg3 Be2 50. Kh4 Bf3 51. Ng4 Bxe4 52. Nxe5 Bc2 53. Kg3 a4 54. Kf4 Bd1 55. h6+ Kh7 56. Kf5 Bc2+ 57. Kf6 Bd1 58. Ng6 Bc2 59. Nf8+ Kg8 60. h7+ Bxh7 61. Nxh7 Kxh7 62. Kf7 1-0

[Event "45th FIDE Womens Olympiad 2024"]
[Site "Budapest"]
[Date "2024.09.14"]
[Round "4.223"]
[White "Benzon, Tiffany"]
[Black "La Fleur, Zara"]
[Result "0-1"]
[ECO "C50"]
[WhiteElo "1610"]
[BlackElo "1773"]
[PlyCount "122"]
[EventDate "2024.09.05"]
[EventType "team-tourn"]
[EventCountry "HUN"]
[WhiteTeam "Guam"]
[BlackTeam "Trinidad & Tobago"]
[WhiteTeamCountry "GMA"]
[TimeControl "40/5400+30:1800+30"]

1. e4 e5 2. Nf3 Nc6 3. Bc4 Bc5 4. Nc3 Nf6 5. d3 h6 6. O-O d6 7. Be3 Bxe3 8. fxe3 O-O 9. h3 Na5 10. Bb3 Nxb3 11. axb3 c6 12. d4 Qe7 13. d5 Nh7 14. Qe1 f5 15. exf5 Rxf5 16. e4 Rf4 17. Qg3 Bd7 18. Nh2 Rxf1+ 19. Rxf1 Nf6 20. Qg6 Rf8 21. b4 Be8 22. Qf5 Nh7 23. Qg4 Bf7 24. Rf3 Nf6 25. Qh4 Nxd5 26. Qxe7 Nxe7 27. Ng4 Be6 28. Rxf8+ Kxf8 29. Ne3 a6 30. Kf2 Kf7 31. Kf3 b5 32. Ng4 Bxg4+ 33. Kxg4 g6 34. h4 Ke6 35. Kf3 d5 36. Nb1 dxe4+ 37. Kxe4 Nf5 38. Nd2 Nxh4 39. g3 Nf5 40. g4 Nd6+ 41. Kf3 Kd5 42. b3 c5 43. bxc5 Kxc5 44. Ke3 a5 45. Kd3 e4+ 46. Nxe4+ Nxe4 47. Kxe4 a4 48. bxa4 bxa4 49. g5 hxg5 50. Kf3 a3 51. c4 a2 52. Kg4 a1=Q 53. Kg3 Qe5+ 54. Kh3 Qe3+ 55. Kg4 Qf4+ 56. Kh3 Qf3+ 57. Kh2 g4 58. Kg1 Qe2 59. Kh1 g3 60. Kg1 Qf2+ 61. Kh1 Qh2# {0-} 0-1

[Event "45th FIDE Womens Olympiad 2024"]
[Site "Budapest"]
[Date "2024.09.14"]
[Round "4.224"]
[White "Ramnarine Singh, Aradhana"]
[Black "Nacario, Ruth"]
[Result "0-1"]
[ECO "B22"]
[WhiteElo "1589"]
[BlackElo "1607"]
[PlyCount "78"]
[EventDate "2024.09.05"]
[EventType "team-tourn"]
[EventCountry "HUN"]
[WhiteTeam "Trinidad & Tobago"]
[BlackTeam "Guam"]
[BlackTeamCountry "GMA"]
[TimeControl "40/5400+30:1800+30"]

1. e4 e6 2. d4 d5 3. exd5 exd5 4. Bd3 Nf6 5. Nf3 c5 6. c3 Nc6 7. O-O cxd4 8. Nxd4 Be7 9. Bc2 Bd7 10. Bf4 O-O 11. Re1 Re8 12. Qd3 Bf8 13. Nd2 g6 14. N2f3 Bg7 15. h3 Qb6 16. Nb3 a5 17. Be3 Qc7 18. Nbd4 Nxd4 19. Bxd4 Bf5 20. Rxe8+ Rxe8 21. Qd1 Be4 22. Ba4 Re6 23. Nd2 Bd3 24. Nf1 Be2 25. Qd2 Bc4 26. Ne3 Bh6 27. Re1 Ne4 28. Qd1 Qf4 29. Ng4 Bg5 30. Be3 Qf5 31. Bd7 h5 32. Bxe6 fxe6 33. Nh2 Bxe3 34. Rxe3 Qxf2+ 35. Kh1 Qxe3 36. Nf1 Bxf1 37. Qa4 Bxg2+ 38. Kxg2 Qg3+ 39. Kf1 Qf2# {0-} 0-1

[Event "45th FIDE Womens Olympiad 2024"]
[Site "Budapest"]
[Date "2024.09.14"]
[Round "4.226"]
[White "Makwena, Christine"]
[Black "Zenobia Wasif"]
[Result "1-0"]
[ECO "C41"]
[WhiteElo "1860"]
[BlackElo "1743"]
[PlyCount "115"]
[EventDate "2024.09.05"]
[EventType "team-tourn"]
[EventCountry "HUN"]
[WhiteTeam "Zimbabwe"]
[BlackTeam "Pakistan"]
[WhiteTeamCountry "ZIM"]
[BlackTeamCountry "PAK"]
[TimeControl "40/5400+30:1800+30"]

1. e4 e5 2. Nf3 d6 3. d4 exd4 4. Nxd4 Nf6 5. Nc3 g6 6. Bg5 Bg7 7. Qd2 h6 8. Bf4 Nbd7 9. f3 Ne5 10. O-O-O Nh5 11. Be3 Be6 12. Be2 Nc6 13. Nxe6 fxe6 14. Bb5 a6 15. Ba4 Qe7 16. Rhe1 O-O-O 17. f4 Rhf8 18. g3 Na5 19. Bb3 Nxb3+ 20. axb3 Qf6 21. Rf1 Qe7 22. Bg1 b6 23. Qd3 Kb7 24. Qc4 Nf6 25. Qb4 e5 26. Rde1 Qd7 27. Qc4 Qc6 28. Qd3 exf4 29. gxf4 h5 30. Qg3 Nd7 31. Nd5 Nc5 32. Bxc5 dxc5 33. Rg1 Bh6 34. Kb1 Qd6 35. Qxg6 Bxf4 36. Nxf4 Qxf4 37. Qxh5 Rh8 38. Qg6 Qf2 39. Rgf1 Qxh2 40. e5 Qh7 41. Qg2+ Kb8 42. e6 Rhe8 43. Rf7 Qh5 44. Qc6 Qh2 45. Rd7 Rc8 46. e7 Qh4 47. Rh1 Qg3 48. Rhd1 Qe5 49. R1d5 Qe1+ 50. Rd1 Qe5 51. Qa4 Kb7 52. Qh4 Rh8 53. Qf2 Qe6 54. Qd2 Rhe8 55. Re1 Qc6 56. Qd3 Ka7 57. Qf5 Kb7 58. Red1 1-0

[Event "45th FIDE Womens Olympiad 2024"]
[Site "Budapest"]
[Date "2024.09.14"]
[Round "4.227"]
[White "Mehak Gul"]
[Black "Shaba, Linda Dalitso"]
[Result "0-1"]
[ECO "D78"]
[WhiteElo "1709"]
[BlackElo "1831"]
[PlyCount "126"]
[EventDate "2024.09.05"]
[EventType "team-tourn"]
[EventCountry "HUN"]
[WhiteTeam "Pakistan"]
[BlackTeam "Zimbabwe"]
[WhiteTeamCountry "PAK"]
[BlackTeamCountry "ZIM"]
[TimeControl "40/5400+30:1800+30"]

1. d4 d5 2. Nf3 Nf6 3. g3 g6 4. Bg2 Bg7 5. O-O O-O 6. c4 c6 7. Nc3 Bg4 8. Ne5 dxc4 9. Nxc4 Qc8 10. Ne5 Bh3 11. Qb3 Bxg2 12. Kxg2 Nbd7 13. Bg5 e6 14. Nxd7 Qxd7 15. Rad1 h6 16. Bf4 Nd5 17. Nxd5 cxd5 18. Rc1 Rac8 19. Rfd1 g5 20. Be3 b6 21. Qd3 Qa4 22. a3 Rfe8 23. Rh1 Qd7 24. Qd2 Rxc1 25. Rxc1 Rc8 26. Rc3 Rc4 27. b3 Rc7 28. Qc2 Rxc3 29. Qxc3 Bf6 30. h3 Be7 31. b4 Bd6 32. Bd2 Kg7 33. Qc2 f5 34. e3 Kf6 35. Bc1 h5 36. Qd2 Be7 37. e4 Kg6 38. h4 dxe4 39. hxg5 Qd5 40. Qe3 Qd8 41. f4 exf3+ 42. Kxf3 Qd5+ 43. Kf2 Qe4 44. Qf4 Qd5 45. Qe3 Bd6 46. Bd2 e5 47. dxe5 Qxe5 48. Qxe5 Bxe5 49. Bf4 Bd4+ 50. Ke2 b5 51. Bc1 Be5 52. Kf3 a6 53. Kg2 Bc7 54. Kh3 a5 55. bxa5 Bxa5 56. Kh4 Bc7 57. Bf4 Bd8 58. Bc1 Be7 59. Kh3 Bxg5 60. Bb2 Kf7 61. Kg2 Ke6 62. Kf3 Kd5 63. Ke2 Kc4 {0-} 0-1

[Event "45th FIDE Womens Olympiad 2024"]
[Site "Budapest"]
[Date "2024.09.14"]
[Round "4.228"]
[White "Zengeni, Tatenda Melisa"]
[Black "Aayat Asmi"]
[Result "1-0"]
[ECO "A03"]
[WhiteElo "1732"]
[BlackElo "1421"]
[PlyCount "121"]
[EventDate "2024.09.05"]
[EventType "team-tourn"]
[EventCountry "HUN"]
[WhiteTeam "Zimbabwe"]
[BlackTeam "Pakistan"]
[WhiteTeamCountry "ZIM"]
[BlackTeamCountry "PAK"]
[TimeControl "40/5400+30:1800+30"]

1. d4 Nf6 2. e3 g6 3. Bd3 Bg7 4. f4 O-O 5. Nf3 d5 6. O-O Nc6 7. c3 Ne4 8. Nbd2 f5 9. Ne5 Nxe5 10. fxe5 e6 11. Nf3 b6 12. Bd2 a5 13. Qe2 Bb7 14. Rac1 Qc8 15. b3 Qe8 16. Rc2 Bh6 17. c4 c6 18. cxd5 cxd5 19. Rfc1 Rc8 20. Bb5 Qe7 21. a4 Rxc2 22. Rxc2 Rc8 23. Qd3 Rxc2 24. Qxc2 Nxd2 25. Qxd2 Qa3 26. Qc3 Qe7 27. Kf2 Qd8 28. g3 Qc8 29. Qxc8+ Bxc8 30. Ne1 Kf7 31. Nd3 Bf8 32. Kf3 h5 33. h4 Kg8 34. Be8 Ba6 35. Nf4 Bh6 36. Bxg6 Bxf4 37. exf4 Bd3 38. Ke3 Bc2 39. Bxh5 Kf8 40. Be2 Bxb3 41. Bb5 Ke7 42. Kd2 Kf7 43. Bd7 Ke7 44. h5 Kxd7 45. h6 Bxa4 46. h7 b5 47. h8=Q Bb3 48. Qa8 a4 49. Qb7+ Kd8 50. Qxb5 Kc7 51. Kc3 Kd8 52. Kb4 Kc7 53. Qe8 Kb6 54. Qxe6+ Kc7 55. Qxf5 Kd8 56. Qf7 Kc8 57. g4 Kd8 58. g5 Kc8 59. g6 Kd8 60. g7 Kc8 61. g8=Q# 1-0

[Event "45th FIDE Womens Olympiad 2024"]
[Site "Budapest"]
[Date "2024.09.14"]
[Round "4.229"]
[White "Sakai, Azumi"]
[Black "Jacobs, Annelaine"]
[Result "1-0"]
[ECO "E94"]
[WhiteElo "1871"]
[BlackElo "1763"]
[PlyCount "99"]
[EventDate "2024.09.05"]
[EventType "team-tourn"]
[EventCountry "HUN"]
[WhiteTeam "Japan"]
[BlackTeam "Aruba"]
[WhiteTeamCountry "JPN"]
[BlackTeamCountry "ARN"]
[TimeControl "40/5400+30:1800+30"]

1. d4 Nf6 2. c4 g6 3. Nc3 Bg7 4. e4 d6 5. Nf3 O-O 6. Be2 Nbd7 7. Bg5 c6 8. O-O Qc7 9. d5 Nc5 10. Nd2 a5 11. Qc2 e5 12. a3 a4 13. Be3 Nfd7 14. b4 axb3 15. Nxb3 Nxb3 16. Qxb3 f5 17. f3 f4 18. Bf2 Kh8 19. Rfb1 Qd8 20. Na4 c5 21. Qc2 g5 22. Nc3 h5 23. Nb5 Nf6 24. h3 Rf7 25. Rb3 Bf8 26. a4 g4 27. fxg4 hxg4 28. hxg4 Bxg4 29. Bh4 Qd7 30. Kf2 Kg8 31. Bxf6 Rxf6 32. Bxg4 Qxg4 33. Qe2 Qh4+ 34. Kg1 Rg6 35. Qf2 Rg3 36. Raa3 Rg4 37. Qxh4 Rxh4 38. Nc7 Ra7 39. Rb6 Rh7 40. Ne6 Rd7 41. Ng5 Be7 42. Nf3 Bd8 43. Rbb3 Ba5 44. Nh4 Bb4 45. Ra2 Ba5 46. Nf5 Bc7 47. g3 fxg3 48. Rxg3+ Kh8 49. Rh2+ Rh7 50. Nh6 1-0

[Event "45th FIDE Womens Olympiad 2024"]
[Site "Budapest"]
[Date "2024.09.14"]
[Round "4.230"]
[White "Moreno Mora, Milaydes Lourdes"]
[Black "Shibata, Misaki"]
[Result "0-1"]
[ECO "A08"]
[WhiteElo "1694"]
[BlackElo "1847"]
[PlyCount "92"]
[EventDate "2024.09.05"]
[EventType "team-tourn"]
[EventCountry "HUN"]
[WhiteTeam "Aruba"]
[BlackTeam "Japan"]
[WhiteTeamCountry "ARN"]
[BlackTeamCountry "JPN"]
[TimeControl "40/5400+30:1800+30"]

1. e4 e6 2. Qe2 c5 3. Nf3 Nc6 4. g3 g6 5. Bg2 Bg7 6. d3 Nge7 7. c3 O-O 8. O-O d5 9. Re1 Re8 10. Nbd2 b5 11. Nb3 d4 12. cxd4 cxd4 13. e5 Bb7 14. Nc5 Bc8 15. Ne4 Nd5 16. Nd6 Re7 17. Bg5 f6 18. Nxc8 Rxc8 19. exf6 Nxf6 20. Qd2 Qd6 21. Rac1 Ree8 22. Bh3 Rcd8 23. Re2 e5 24. Qc2 Nb4 25. Qb3+ Kh8 26. a3 Nxd3 27. Qxd3 e4 28. Rxe4 Nxe4 29. Bxd8 Qxd8 30. Bg2 a6 31. Nh4 Nd6 32. h3 Nc4 33. Rc2 Ne5 34. Qb3 d3 35. Rd2 Bh6 36. f4 Qd4+ 37. Kh2 Rd8 38. Rd1 Nc4 39. Nf3 Qxb2 40. Qxb2+ Nxb2 41. Rd2 Nc4 42. Rd1 d2 43. Kh1 Bf8 44. Bf1 Bxa3 45. Bxc4 bxc4 46. Ne5 c3 {0-} 0-1

[Event "45th FIDE Womens Olympiad 2024"]
[Site "Budapest"]
[Date "2024.09.14"]
[Round "4.231"]
[White "Mitsuyama, Rikka"]
[Black "Aponte, Samantha"]
[Result "1-0"]
[ECO "E21"]
[WhiteElo "1738"]
[BlackElo "1454"]
[PlyCount "107"]
[EventDate "2024.09.05"]
[EventType "team-tourn"]
[EventCountry "HUN"]
[WhiteTeam "Japan"]
[BlackTeam "Aruba"]
[WhiteTeamCountry "JPN"]
[BlackTeamCountry "ARN"]
[TimeControl "40/5400+30:1800+30"]

1. d4 Nf6 2. c4 e6 3. Nf3 b6 4. Nc3 Bb4 5. Bg5 d6 6. Qa4+ Nbd7 7. Qxb4 Bb7 8. Rd1 O-O 9. e4 h6 10. Bh4 g5 11. Bg3 Nxe4 12. Nxe4 Bxe4 13. Nd2 Bg6 14. Qc3 f5 15. f3 f4 16. Bf2 Qf6 17. Bd3 Rac8 18. O-O Rf7 19. Ne4 Qe7 20. Nxd6 cxd6 21. Bxg6 Rg7 22. Bd3 Rf8 23. c5 bxc5 24. dxc5 Nxc5 25. Bb5 g4 26. Bxc5 dxc5 27. Rd7 Qg5 28. Rxg7+ Qxg7 29. Qxg7+ Kxg7 30. Rc1 gxf3 31. gxf3 Rf5 32. Rc4 Rd5 33. Ba4 e5 34. Bb3 Rd2 35. Rxc5 Kf6 36. Rc6+ Kg5 37. Rc2 Rd1+ 38. Kg2 Kh4 39. Re2 Rb1 40. Kf2 Kh3 41. Rxe5 Rxb2+ 42. Re2 Rb1 43. Bc2 Ra1 44. Re5 Kh4 45. Rf5 Rxa2 46. Rxf4+ Kh3 47. Rc4 a5 48. f4 a4 49. f5 a3 50. f6 Rb2 51. f7 a2 52. f8=Q Rxc2+ 53. Rxc2 a1=Q 54. Qf5+ 1-0

[Event "45th FIDE Womens Olympiad 2024"]
[Site "Budapest"]
[Date "2024.09.14"]
[Round "4.232"]
[White "Cabral, Sylvi"]
[Black "Takayasu, Melody"]
[Result "0-1"]
[ECO "B51"]
[WhiteElo "1471"]
[BlackElo "1768"]
[PlyCount "68"]
[EventDate "2024.09.05"]
[EventType "team-tourn"]
[EventCountry "HUN"]
[WhiteTeam "Aruba"]
[BlackTeam "Japan"]
[WhiteTeamCountry "ARN"]
[BlackTeamCountry "JPN"]
[TimeControl "40/5400+30:1800+30"]

1. e4 c5 2. Nf3 d6 3. Bb5+ Nd7 4. O-O a6 5. Bxd7+ Bxd7 6. c4 Nf6 7. d3 e6 8. Nc3 Be7 9. Be3 O-O 10. h3 b5 11. b3 Bc6 12. cxb5 axb5 13. Qc2 Nd7 14. d4 Bf6 15. Rad1 Qa5 16. Rd2 Rfc8 17. Rc1 b4 18. Ne2 Bb5 19. Qd1 c4 20. bxc4 Bxc4 21. Rdc2 Ba6 22. Bd2 Rxc2 23. Rxc2 Qa4 24. Ng3 Nb6 25. Qe1 Qxc2 26. Bxb4 Nc4 27. a3 Bb7 28. Kh2 g6 29. Bxd6 Nxd6 30. e5 Be7 31. exd6 Bxd6 32. Qe3 Rxa3 33. Qh6 Bxf3 34. gxf3 Qxf2+ {0-} 0-1

[Event "45th FIDE Womens Olympiad 2024"]
[Site "Budapest"]
[Date "2024.09.14"]
[Round "4.233"]
[White "Saiful Azmi, Nur Farzana"]
[Black "Morales Santos, Natasha"]
[Result "0-1"]
[ECO "A80"]
[WhiteElo "1533"]
[BlackElo "1972"]
[PlyCount "118"]
[EventDate "2024.09.05"]
[EventType "team-tourn"]
[EventCountry "HUN"]
[WhiteTeam "Brunei Darussalam"]
[BlackTeam "Puerto Rico"]
[WhiteTeamCountry "BRN"]
[BlackTeamCountry "PUR"]
[TimeControl "40/5400+30:1800+30"]

1. d4 f5 2. Bf4 Nf6 3. e3 e6 4. Nf3 b6 5. Bd3 Bb7 6. c3 Bd6 7. Bxd6 cxd6 8. O-O O-O 9. Nbd2 Nc6 10. Qc2 Ne7 11. Rfe1 Bxf3 12. Nxf3 d5 13. c4 Qc7 14. Rac1 Rac8 15. Qb3 Qb8 16. Ne5 d6 17. Qb4 dxe5 18. Qxe7 Rfe8 19. Qb4 e4 20. Be2 f4 21. Qd2 g5 22. f3 Rf8 23. a4 exf3 24. Bxf3 g4 25. Be2 Ne4 26. Qb4 f3 27. gxf3 gxf3 28. Bxf3 Rxf3 29. Qe7 Rf6 30. Re2 Rg6+ 31. Rg2 Rxg2+ 32. Kxg2 Re8 33. Qh4 Qd8 34. Qh5 Qg5+ 35. Qxg5+ Nxg5 36. Kf2 Ne4+ 37. Ke2 Kf7 38. b4 Ke7 39. cxd5 exd5 40. Rc7+ Kd6 41. Rxh7 Re7 42. Rxe7 Kxe7 43. Kf3 Kf6 44. Kf4 Nc3 45. a5 b5 46. h4 Na2 47. e4 Nxb4 48. e5+ Kg6 49. e6 Nc6 50. Ke3 Kf6 51. h5 Kxe6 52. a6 Kf6 53. Kd3 Kg5 54. Kc2 Nxd4+ 55. Kc3 Nc6 56. Kc2 d4 57. Kd3 b4 58. Kd2 b3 59. Kc1 d3 {0-} 0-1

[Event "45th FIDE Womens Olympiad 2024"]
[Site "Budapest"]
[Date "2024.09.14"]
[Round "4.234"]
[White "Rivera Negron, Yanira"]
[Black "Hussin, Fazreena"]
[Result "1-0"]
[ECO "D36"]
[WhiteElo "1805"]
[BlackElo "1700"]
[PlyCount "77"]
[EventDate "2024.09.05"]
[EventType "team-tourn"]
[EventCountry "HUN"]
[WhiteTeam "Puerto Rico"]
[BlackTeam "Brunei Darussalam"]
[WhiteTeamCountry "PUR"]
[BlackTeamCountry "BRN"]
[TimeControl "40/5400+30:1800+30"]

1. d4 e6 2. c4 d5 3. cxd5 exd5 4. Nc3 Nf6 5. Bg5 Be7 6. e3 O-O 7. Bd3 Nbd7 8. Nge2 c6 9. O-O Re8 10. Qc2 Qc7 11. Bf4 Bd6 12. Nb5 cxb5 13. Qxc7 Bxc7 14. Bxc7 a6 15. Rac1 Ne4 16. Nf4 Nef6 17. Rc2 g5 18. Ne2 Nb8 19. Bxb8 Rxb8 20. Rfc1 Bd7 21. Ng3 Ne4 22. Nh5 Re6 23. f3 Nf6 24. Nxf6+ Rxf6 25. b4 Rd6 26. Rc5 f6 27. Kf2 Kg7 28. Rc7 Kh6 29. R1c2 f5 30. f4 Kg6 31. g4 h6 32. Rxd7 Rxd7 33. Bxf5+ Kf6 34. Bxd7 gxf4 35. exf4 Rd8 36. Bc8 Rd6 37. Bxb7 Rb6 38. Rc6+ Rxc6 39. Bxc6 1-0

[Event "45th FIDE Womens Olympiad 2024"]
[Site "Budapest"]
[Date "2024.09.14"]
[Round "4.235"]
[White "Redzuan, Nur Ainul Mardhiah"]
[Black "Alvarado Perez, Coralys M."]
[Result "0-1"]
[ECO "B01"]
[WhiteElo "1481"]
[BlackElo "1694"]
[PlyCount "114"]
[EventDate "2024.09.05"]
[EventType "team-tourn"]
[EventCountry "HUN"]
[WhiteTeam "Brunei Darussalam"]
[BlackTeam "Puerto Rico"]
[BlackTeamCountry "PUR"]
[TimeControl "40/5400+30:1800+30"]

1. e4 d5 2. exd5 Qxd5 3. Nc3 Qa5 4. d4 Nf6 5. Nf3 Bf5 6. Bc4 e6 7. Bd2 Bb4 8. a3 Bxc3 9. Bxc3 Qb6 10. h3 Ne4 11. Rb1 c6 12. O-O Nxc3 13. bxc3 Qc7 14. Re1 Nd7 15. Bd3 Bg6 16. c4 O-O 17. Ne5 Bxd3 18. Qxd3 Rad8 19. Qe3 Nb6 20. c5 Nd5 21. Qb3 Rb8 22. Rb2 b6 23. Reb1 Rfd8 24. Nf3 h6 25. Qc4 b5 26. Qd3 Nf4 27. Qe3 a6 28. Kf1 Nd5 29. Qb3 Ne7 30. c3 Ng6 31. a4 e5 32. axb5 axb5 33. Re2 exd4 34. cxd4 Re8 35. Rbe1 Rxe2 36. Rxe2 Nf4 37. Re4 Nd5 38. Re2 b4 39. Rb2 Qf4 40. Rd2 Nc3 41. Rc2 Nd5 42. Rd2 f6 43. Ra2 Qc1+ 44. Ne1 Re8 45. Re2 Rxe2 46. Kxe2 Qa3 47. Qxa3 bxa3 48. Nc2 a2 49. Na1 Kf7 50. Kd2 Nf4 51. g3 Nxh3 52. f3 Ng5 53. Ke3 f5 54. f4 Ne6 55. Nb3 g5 56. Na1 gxf4+ 57. gxf4 h5 {0-} 0-1

[Event "45th FIDE Womens Olympiad 2024"]
[Site "Budapest"]
[Date "2024.09.14"]
[Round "4.237"]
[White "Sawan, Eman"]
[Black "Jambo, Linda"]
[Result "1-0"]
[ECO "C56"]
[WhiteElo "1972"]
[BlackElo "1629"]
[PlyCount "47"]
[EventDate "2024.09.05"]
[EventType "team-tourn"]
[EventCountry "HUN"]
[WhiteTeam "Palestine"]
[BlackTeam "Malawi"]
[WhiteTeamCountry "PLE"]
[BlackTeamCountry "MWI"]
[TimeControl "40/5400+30:1800+30"]

1. e4 e5 2. Nf3 Nc6 3. Bc4 Nf6 4. d4 exd4 5. e5 Ng4 6. O-O Be7 7. Re1 O-O 8. h3 Nh6 9. Bxh6 gxh6 10. Nxd4 Nxd4 11. Qxd4 d6 12. Nc3 dxe5 13. Qxe5 Bf6 14. Qg3+ Bg7 15. Rad1 Qg5 16. Qf3 Bxc3 17. Qxc3 Qg7 18. Qb3 b6 19. Re3 Kh8 20. Rg3 Qf6 21. Rf3 Qg6 22. Rxf7 Rxf7 23. Bxf7 Qf6 24. Rd8+ 1-0

[Event "45th FIDE Womens Olympiad 2024"]
[Site "Budapest"]
[Date "2024.09.14"]
[Round "4.238"]
[White "Namangale, Susan"]
[Black "Hamouri, Taqwa"]
[Result "0-1"]
[ECO "E90"]
[WhiteElo "1521"]
[BlackElo "1845"]
[PlyCount "82"]
[EventDate "2024.09.05"]
[EventType "team-tourn"]
[EventCountry "HUN"]
[WhiteTeam "Malawi"]
[BlackTeam "Palestine"]
[WhiteTeamCountry "MWI"]
[BlackTeamCountry "PLE"]
[TimeControl "40/5400+30:1800+30"]

1. d4 Nf6 2. c4 g6 3. Nc3 Bg7 4. Nf3 d6 5. e4 Nbd7 6. Bd3 e5 7. dxe5 dxe5 8. Qc2 c6 9. Be3 a5 10. Rd1 O-O 11. Na4 Qe7 12. O-O h6 13. c5 Nh5 14. Nb6 Rb8 15. Be2 Nf4 16. Bc4 Kh7 17. Bb3 Ne6 18. Bxe6 Nxb6 19. cxb6 Qxe6 20. Bc5 Re8 21. b4 axb4 22. Rd6 Qg4 23. h3 Qh5 24. Nh2 Be6 25. Qb1 Bf8 26. Rfd1 Bxd6 27. Rxd6 Rbd8 28. Bxb4 Rxd6 29. Bxd6 Rd8 30. Qd3 Qg5 31. Nf3 Qc1+ 32. Kh2 Qf4+ 33. g3 Rxd6 34. gxf4 Rxd3 35. Nxe5 Rd2 36. Kg3 Rxa2 37. Ng4 Bxg4 38. hxg4 c5 39. f5 c4 40. e5 c3 41. e6 fxe6 {0-} 0-1

[Event "45th FIDE Womens Olympiad 2024"]
[Site "Budapest"]
[Date "2024.09.14"]
[Round "4.239"]
[White "Faqeeh, Yara"]
[Black "Msukwa, Tupokiwe"]
[Result "1-0"]
[ECO "D02"]
[WhiteElo "1671"]
[BlackElo "1674"]
[PlyCount "64"]
[EventDate "2024.09.05"]
[EventType "team-tourn"]
[EventCountry "HUN"]
[WhiteTeam "Palestine"]
[BlackTeam "Malawi"]
[WhiteTeamCountry "PLE"]
[BlackTeamCountry "MWI"]
[TimeControl "40/5400+30:1800+30"]

1. d4 d5 2. Bf4 Nf6 3. Nf3 Bf5 4. e3 c5 5. c3 e6 6. Nbd2 Be7 7. Be2 Nc6 8. Ne5 Qb6 9. Qc1 h6 10. a4 c4 11. Bd1 O-O 12. b3 cxb3 13. Bxb3 Nxe5 14. Bxe5 Rac8 15. Qb2 Ne4 16. Nxe4 Bxe4 17. O-O Rc6 18. Rfc1 Rfc8 19. a5 Qb5 20. Ra2 Qd3 21. c4 Bg6 22. c5 b6 23. Ba4 Bxc5 24. Bxc6 Bxd4 25. Qxd4 Rxc6 26. Rd1 Qb3 27. Rb2 Qa3 28. axb6 axb6 29. Bxg7 Rc4 30. Qf6 Qd3 31. Ra1 Ra4 32. Rab1 Qc4 1-0

[Event "45th FIDE Womens Olympiad 2024"]
[Site "Budapest"]
[Date "2024.09.14"]
[Round "4.240"]
[White "Simwaba, Anne"]
[Black "Natsheh, Wajd"]
[Result "0-1"]
[ECO "D02"]
[WhiteElo "1596"]
[BlackElo "1739"]
[PlyCount "88"]
[EventDate "2024.09.05"]
[EventType "team-tourn"]
[EventCountry "HUN"]
[WhiteTeam "Malawi"]
[BlackTeam "Palestine"]
[WhiteTeamCountry "MWI"]
[BlackTeamCountry "PLE"]
[TimeControl "40/5400+30:1800+30"]

1. Nf3 d5 2. d4 c6 3. g3 Bf5 4. Bg2 h6 5. O-O e6 6. Nbd2 Nf6 7. b3 a5 8. Bb2 a4 9. c4 a3 10. Bc3 Na6 11. c5 Nc7 12. Rc1 Nb5 13. Ba1 Be7 14. Nb1 Ne4 15. Nc3 Nbxc3 16. Bxc3 O-O 17. b4 Re8 18. Ba1 b5 19. Nd2 Ra4 20. Nxe4 dxe4 21. Bc3 Qd5 22. Qd2 Bf6 23. e3 e5 24. dxe5 Qxd2 25. Bxd2 Bxe5 26. f3 Bb2 27. Rcd1 Be6 28. fxe4 Bxa2 29. Bc1 Rxb4 30. Rd2 Bc4 31. Rfd1 Bxc1 32. Rxc1 a2 33. Ra1 Rb1+ 34. Rd1 Rxd1+ 35. Rxd1 b4 36. e5 Rxe5 37. Bxc6 Rxc5 38. Be4 f5 39. Bc2 b3 40. Bxb3 Bxb3 41. Ra1 Rc2 42. h3 Rb2 43. Rxa2 Bxa2 44. Kf1 Kf7 {0-} 0-1

[Event "45th FIDE Womens Olympiad 2024"]
[Site "Budapest"]
[Date "2024.09.14"]
[Round "4.241"]
[White "Spinola, Divania"]
[Black "Khan, Anastasia"]
[Result "0-1"]
[ECO "B33"]
[WhiteElo "1583"]
[BlackElo "1859"]
[PlyCount "32"]
[EventDate "2024.09.05"]
[EventType "team-tourn"]
[EventCountry "HUN"]
[WhiteTeam "Cape Verde"]
[BlackTeam "South Korea"]
[BlackTeamCountry "KOR"]
[TimeControl "40/5400+30:1800+30"]

1. e4 c5 2. Nf3 Nc6 3. d4 cxd4 4. Nxd4 Nf6 5. Nc3 e5 6. Nxc6 bxc6 7. Bd3 Bb4 8. Bd2 O-O 9. Na4 Bxd2+ 10. Qxd2 d5 11. exd5 cxd5 12. Be2 Ne4 13. Qe3 Qa5+ 14. Nc3 Bb7 15. f3 d4 16. Qd3 dxc3 {0-} 0-1

[Event "45th FIDE Womens Olympiad 2024"]
[Site "Budapest"]
[Date "2024.09.14"]
[Round "4.243"]
[White "Almeida, Jacira Laura"]
[Black "Cho, Yeonhee"]
[Result "0-1"]
[ECO "C50"]
[WhiteElo "1616"]
[BlackElo "1696"]
[PlyCount "56"]
[EventDate "2024.09.05"]
[EventType "team-tourn"]
[EventCountry "HUN"]
[WhiteTeam "Cape Verde"]
[BlackTeam "South Korea"]
[BlackTeamCountry "KOR"]
[TimeControl "40/5400+30:1800+30"]

1. e4 e5 2. Nf3 Nc6 3. Bc4 Bc5 4. O-O Nf6 5. Nc3 d6 6. h3 O-O 7. d3 a6 8. a3 Be6 9. Bxe6 fxe6 10. Re1 Qe8 11. Be3 Nd4 12. Na4 Qxa4 13. Nxd4 exd4 14. Bg5 Qe8 15. Bxf6 Rxf6 16. e5 dxe5 17. Rxe5 Bd6 18. Re4 Qf7 19. Qe2 Rf8 20. f3 h5 21. b4 Qg6 22. Kf1 Qg3 23. Rxe6 Rxf3+ 24. gxf3 Rxf3+ 25. Qxf3 Qxf3+ 26. Ke1 Bg3+ 27. Kd2 Bf4+ 28. Ke1 Be3 {0-} 0-1

[Event "45th FIDE Womens Olympiad 2024"]
[Site "Budapest"]
[Date "2024.09.14"]
[Round "4.244"]
[White "Kim, Sarang"]
[Black "Moreno, Akiane"]
[Result "1-0"]
[ECO "C44"]
[WhiteElo "1732"]
[BlackElo "1547"]
[PlyCount "55"]
[EventDate "2024.09.05"]
[EventType "team-tourn"]
[EventCountry "HUN"]
[WhiteTeam "South Korea"]
[BlackTeam "Cape Verde"]
[TimeControl "40/5400+30:1800+30"]

1. e4 e5 2. Nf3 Nc6 3. d4 exd4 4. Bc4 Bc5 5. c3 dxc3 6. Bxf7+ Kxf7 7. Qd5+ Ke8 8. Qh5+ g6 9. Qxc5 cxb2 10. Bxb2 Qe7 11. Qxe7+ Ngxe7 12. Bxh8 Nb4 13. Na3 Nec6 14. O-O d6 15. Bc3 a5 16. Nd4 Bd7 17. Nxc6 Bxc6 18. f3 Kd7 19. Bxb4 axb4 20. Nc2 Bb5 21. Rfe1 c5 22. Ne3 Ra3 23. Nd5 b3 24. axb3 Rxb3 25. Reb1 c4 26. Rxb3 cxb3 27. Rb1 Bc4 28. Nb6+ 1-0